 Dungeon Crawl Stone Soup version 0.31-a0-236-g9a0961fb85 (webtiles) character file.

Game seed: 630134417095745552

392 qw the Shooter (level 6, -5/37 HPs)
             Began as a Gargoyle Hexslinger on July 10, 2023.
             Killed from afar by Dowan (17 damage)
             ... with a shard of ice
             ... on level 4 of the Dungeon.
             The game lasted 00:01:13 (2707 turns).

qw the Shooter (Gargoyle Hexslinger)                Turns: 2707, Time: 00:01:14

Health: -5/37      AC: 14    Str: 11    XL:     6   Next: 81%
Magic:  7/7        EV: 10    Int: 14    God:
Gold:   92         SH:  0    Dex: 14    Spells: 6/7 levels left

rFire   . . .        d - +3 sling (heavy)
rCold   . . .        (no shield)
rNeg    + . .        b - +0 ring mail
rPois   inf          i - +1 hat
rElec   +            (no cloak)
rCorr   .            (no gloves)
SInv    .            (no boots)
Will    +....        (no amulet)
Stlth   +            a - +4 ring of protection
HPRegen 0.26/turn    l - ring of willpower
MPRegen 0.10/turn

%: no passive effects
@: no status effects
A: sickness immunity, AC +4, negative energy resistance 1, electricity
resistance, torment resistance 1, petrification resistance
a: no special abilities


You were on level 4 of the Dungeon.
You visited 1 branch of the dungeon, and saw 4 of its levels.

You collected 92 gold pieces.


Innate Abilities, Weirdness & Mutations

You are immune to sickness and miasma.
Your stone body is resilient. (AC +4)
You are immune to poison.
You resist negative energy. (rN+)
You are resistant to electric shocks. (rElec)
You are resistant to unholy torment.
You are immune to petrification.


   Skills:
 + Level 3.0 Fighting
 - Level 6.2 Ranged Weapons
 - Level 1.7 Armour
 - Level 1.5 Dodging
 - Level 1.0 Spellcasting
 - Level 2.6 Hexes


You had 6 spell levels left.
You knew the following spells:

 Your Spells              Type           Power      Damage    Failure   Level
a - Slow                  Hex            32%        N/A       21%         1

Your spell library contained the following spells:

 Spells                   Type           Power      Damage    Failure   Level
 Inner Flame              Hex/Fire       4%         N/A       71%         3
 Portal Projectile        Hex/Tloc       8%         N/A       71%         3
 Cause Fear               Hex            4%         N/A       90%         4

Inventory:

Hand Weapons
 d - a +3 heavy sling (weapon)
Armour
 b - a +0 ring mail (worn)
 i - a +1 hat (worn)
Jewellery
 a - a +4 ring of protection (left hand)
 l - a ring of willpower (right hand)
 p - a ring of fire
Scrolls
 o - 2 scrolls of identify
Potions
 f - a potion of magic {unknown}
 g - a potion of enlightenment {unknown}
 h - a potion of heal wounds
 j - 2 potions of resistance {unknown}
 k - a potion of ambrosia {unknown}
 n - a potion of cancellation

Dungeon Overview and Level Annotations

Branches:
Dungeon (4/15)
 Temple: D:4-7

Altars:

Annotations:
D:4 Dowan


Message History

Dowan gestures wildly while chanting.
Dowan blinks!
Dowan hits you but does no damage.
Your Ranged Weapons skill increases to level 6!
You shoot a sling bullet. The sling bullet closely misses Dowan.
Dowan closely misses you.
Dowan hits you with a +1 vampiric dagger.
You shoot a sling bullet. The sling bullet misses Dowan.
Dowan gestures wildly while chanting.
Dowan blinks!
You shoot a sling bullet.
The sling bullet hits Dowan but does no damage.
You shoot a sling bullet. The sling bullet misses Dowan.
Dowan closely misses you.
You shoot a sling bullet. The sling bullet barely misses Dowan.
Dowan hits you with a +1 vampiric dagger. x2
Dowan hits you but does no damage.
You shoot a sling bullet. The sling bullet hits Dowan.
Dowan is lightly wounded.
Dowan hits you with a +1 vampiric dagger.
Dowan barely misses you.
You shoot a sling bullet. The sling bullet hits Dowan!
Dowan is heavily wounded.
Dowan barely misses you. Dowan gestures at you while chanting.
The shard of ice hits you! Dowan closely misses you.
You shoot a sling bullet. The sling bullet barely misses Dowan.
Dowan hits you but does no damage.
Dowan hits you with a +1 vampiric dagger.
You shoot a sling bullet. The sling bullet closely misses Dowan.
Dowan gestures wildly while chanting.
Dowan blinks!
You start resting.
Dowan is nearby!
You shoot a sling bullet. The sling bullet closely misses Dowan.
Dowan hits you but does no damage. Dowan closely misses you.
You shoot a sling bullet. The sling bullet closely misses Dowan.
Dowan closely misses you. Dowan casts a spell at you.
The shard of ice hits you!
You die...

............###........#
............# ####....##
...........## ###)#..
...........#########)...
........................
.....).....####.........
#........#~#~~~##.......
#........#~~~~~~#.......
#....#e@##~~#~#~##......
##..###)#~~~~~~~~~......
#.. #.~~#~~~~~~#......
#. #.~#~~~~#~##...... #
#..#~~#~~~~.......
...~##~~###......# ....
#~##......###
#............### #
#####....# #


You could see Dowan (fast).

Vanquished Creatures
  Duvessa (D:4)
  A hound (D:3)
  An iguana (D:4)
  2 orc wizards (D:3)
  6 gnolls (D:4)
  4 adders (D:3)
  2 worms (D:2)
  A dart slug (D:1)
  2 orcs (D:3)
  5 ball pythons
  2 bats
  8 endoplasms
  3 giant cockroaches
  11 goblins
  5 hobgoblins
  8 jackals
  A quokka (D:1)
  4 frilled lizards
  7 kobolds
  A rat (D:1)
75 creatures vanquished.

Notes
Turn   | Place    | Note
-------+----------+-------------------------------------------
     0 | D:1      | qw the Gargoyle Hexslinger began the quest for the Orb.
     0 | D:1      | Reached XP level 1. HP: 12/12 MP: 2/2
     0 | D:1      | 0 ||| qw: Version: 0.3-a-52-g30416fa
     0 | D:1      | 0 ||| qw: Game counter: 4668
     0 | D:1      | 0 ||| qw: Melee chars always use a shield: true
     0 | D:1      | 0 ||| qw: God list: Okawaru
     0 | D:1      | 0 ||| qw: Allow faded altars: false
     0 | D:1      | 0 ||| qw: Do Orc after clearing Dungeon:15 true
     0 | D:1      | 0 ||| qw: Do second Lair branch before Depths: true
     0 | D:1      | 0 ||| qw: Lair rune preference: random
     0 | D:1      | 0 ||| qw: Goals: Normal
     0 | D:1      | 0 ||| PLANNING D:1-11
    84 | D:1      | Reached XP level 2. HP: 16/16 MP: 3/3
   126 | D:1      | Reached skill level 3 in Ranged Weapons
   407 | D:1      | Reached XP level 3. HP: 21/21 MP: 4/4
   716 | D:1      | HP: 4/21 [jackal (2)]
   864 | D:1      | 864 ||| UPGRADING to +1 hat.
   869 | D:1      | 869 ||| DROPPING amulet of magic regeneration.
   870 | D:1      | 870 ||| READING scroll labelled ZYNEHO SAILA.
   886 | D:1      | 886 ||| READING scroll labelled UTELAU CELASK.
   887 | D:1      | 887 ||| DRINKING 2 fuming amethyst potions.
   888 | D:1      | 888 ||| DROPPING scroll of poison.
   946 | D:2      | HP: 5/21 [worm (6)]
   947 | D:2      | HP: 2/21 [worm (3)]
  1288 | D:2      | Reached XP level 4. HP: 26/26 MP: 5/5
  1693 | D:2      | 1693 ||| UPGRADING to +0 ring mail.
  1703 | D:2      | 1703 ||| DROPPING +0 robe.
  1704 | D:2      | 1704 ||| UPGRADING to +4 ring of protection.
  1705 | D:2      | 1705 ||| READING scroll labelled WEINIEMILL.
  1793 | D:3      | Reached skill level 4 in Ranged Weapons
  1815 | D:3      | 1815 ||| FLEEEEING.
  1830 | D:3      | Reached skill level 1 in Armour
  1830 | D:3      | Reached XP level 5. HP: 16/30 MP: 6/6
  1835 | D:3      | 1835 ||| DRINKING potion of curing.
  1835 | D:3      | 1835 ||| (to cure confusion)
  1848 | D:3      | HP: 6/30 [something/puff of flame (5)]
  1853 | D:3      | HP: 4/30 [something (2)]
  1858 | D:3      | 1858 ||| FLEEEEING.
  2077 | D:3      | Reached skill level 5 in Ranged Weapons
  2113 | D:3      | Found a faded altar of an unknown god.
  2290 | D:3      | 2290 ||| UPGRADING to ring of willpower.
  2291 | D:3      | 2291 ||| READING scroll labelled QAOFRYRUUW.
  2292 | D:3      | 2292 ||| READING scroll labelled DEAX RE BOERCH.
  2297 | D:3      | 2297 ||| READING scroll labelled ZISKAF GOSOTRI.
  2298 | D:3      | 2298 ||| READING scroll labelled ZON TI GEMP.
  2299 | D:3      | 2299 ||| READING scroll labelled UJUAGE WEUSARA.
  2300 | D:3      | 2300 ||| DRINKING 2 ruby potions.
  2301 | D:3      | 2301 ||| DRINKING 2 grey potions.
  2315 | D:4      | Reached skill level 3 in Fighting
  2315 | D:4      | Reached XP level 6. HP: 37/37 MP: 7/7
  2334 | D:4      | 2334 ||| READING scroll of enchant weapon.
  2334 | D:4      | 2334 ||| ENCHANTING +2 heavy sling.
  2688 | D:4      | Noticed Duvessa
  2689 | D:4      | Noticed Dowan
  2695 | D:4      | Killed Duvessa
  2696 | D:4      | Reached skill level 6 in Ranged Weapons
  2707 | D:4      | Killed from afar by Dowan

Levels and vault maps discovered:
D:1:      dpeg_arrival_boxes_within_box, layout_basic, bh_walls_and_bars
D:2:      layout_basic
D:3:      layout_rooms, shapermc_ecumenical_altar_rom_forum,
          minmay_misc_feat_roman
D:4:      layout_cave_pods, temple_doors_ab, minivault_4, uniq_duvessa

Skill      XL: |  1  2  3  4  5  6 |
---------------+-------------------+-----
Ranged Weapons | 3 4 5 6 |  6.2
Fighting       | 2 3 |  3.0
Armour         | 1 |  1.7
Dodging        | |  1.5
Spellcasting   | |  1.0
Hexes          | |  2.6

Action                     |  1- 3 |  4- 6 || total
---------------------------+-------+-------++-------
   Fire: Sling             |   155 |   145 ||   300
    Use: Scroll            |     2 |     7 ||     9
         Potion            |     1 |     3 ||     4
 Armour: Robe              |    57 |     1 ||    58
         Ring mail         |       |    70 ||    70
  Dodge: Dodged            |   116 |    49 ||   165

Table legend:
 A = Non-vault XP
 B = Vault XP
 C = Vault XP percentage of total XP
 D = Non-vault monster count
 E = Vault monster count
 F = Vault count percentage of total count
                 A         B        C        D         E       F
            +---------+---------+-------+---------+---------+-------
      Total |     407 |     154 |  27.5 |      74 |       1 |   1.3
            +---------+---------+-------+---------+---------+-------
        D:1 |      52 |       0 |   0.0 |      28 |       0 |   0.0
        D:2 |      37 |       0 |   0.0 |      18 |       0 |   0.0
        D:3 |     193 |       0 |   0.0 |      20 |       0 |   0.0
        D:4 |     125 |     154 |  55.2 |       8 |       1 |  11.1
            +---------+---------+-------+---------+---------+-------
